 Dungeon Crawl Stone Soup version 0.25-a0-496-g8c4878dea3 (webtiles) character file.

Game seed: 9648192784279788754, levelgen mode: deterministic

2 Emblim88 the Ducker (level 1, -3/11 HPs)
             Began as a Spriggan Abyssal Knight on Feb 12, 2020.
             Was an Initiate of Lugonu.
             Slain by a kobold (4 damage)
             ... on level 1 of the Dungeon.
             The game lasted 00:00:20 (177 turns).

Emblim88 the Ducker (Spriggan Abyssal Knight)        Turns: 177, Time: 00:00:23

Health: -3/11      AC:  2    Str:  8    XL:     1   Next: 25%
Magic:  3/3        EV: 18    Int: 13    God:    Lugonu [......]
Gold:   31         SH:  0    Dex: 15    Spells: 0/0 levels left

rFire    . . .     SeeInvis +   a - +1 falchion
rCold    . . .     Gourm    .   (shield restricted)
rNeg     . . .     Faith    .   b - +0 robe
rPois    .         Spirit   .   (helmet restricted)
rElec    .         Reflect  .   (no cloak)
rCorr    .         Harm     .   (gloves unavailable)
MR       .....                  (boots unavailable)
Stlth    ++........             (no amulet)
HPRegen  0.03/turn              (no ring)
MPRegen  0.08/turn              (no ring)

@: very quick
A: very small, unfitting armour, see invisible, herbivore, speed 3, slow
metabolism 2
a: Renounce Religion


You were on level 1 of the Dungeon.
You worshipped Lugonu.
Lugonu was noncommittal.
You were not hungry.

You visited 1 branch of the dungeon, and saw 1 of its levels.
You visited the Abyss 1 time.

You collected 31 gold pieces.

Inventory:

Hand Weapons
 a - a +1 falchion (weapon)
Armour
 b - a +0 robe (worn)
Jewellery
 e - an uncursed amulet of the acrobat {unknown}
Potions
 d - a potion of degeneration {unknown}
 f - a potion of flight {unknown}
Comestibles
 c - 2 rations


   Skills:
 + Level 2.4 Fighting
 + Level 1.5 Long Blades
 * Level 3.5 Dodging
 * Level 0.4 Stealth
 + Level 1.8 Invocations


You couldn't memorise any spells.
You didn't know any spells.
Your spell library was empty.

Dungeon Overview and Level Annotations

Branches:
Dungeon (1/15)

Altars:


Innate Abilities, Weirdness & Mutations

You are very small and have problems with some larger weapons.
You are too small for most types of armour.
You have supernaturally acute eyesight. (SInv)
You are a herbivore.
You cover ground extremely quickly.
You need to consume almost no food.


Message History

You see here a stone.
The kobold hits you.
You hit the kobold but do no damage. The kobold misses you.
The kobold hits you. The kobold barely misses you.
You riposte.
You hit the kobold but do no damage. You barely miss the kobold.
The kobold barely misses you. x2
You hit the kobold.
The kobold is heavily wounded.
The kobold barely misses you.
You riposte.
You barely miss the kobold. The kobold closely misses you.
You barely miss the kobold.
The kobold is heavily wounded.
The kobold completely misses you. The kobold closely misses you.
You hit the kobold.
The kobold is severely wounded.
The kobold hits you. x2
* * * LOW HITPOINT WARNING * * *
A dart slug comes into view.
The kobold hits you.
You die...

# #.# .?#.# #.# ###
#.#.# #.# ... #.w. #.#
. #.###.# #.#
#.###.K.K.#######.#
.....##@..........#
.......(......###.#####
##..##)..(............#
# #...####.###.###.#
##♣♣###. #...# #.#
#.###.#
###....≈#..##...####.#
#..##[#
#.∩.....##...........#
#..##.#
#∩#......##..........#
#..##.#
........<.##.#..####.#
#..##.#


You could see a dart slug (wandering) and 2 kobolds.

Vanquished Creatures
  A goblin (D:1)
  A frilled lizard (D:1)
2 creatures vanquished.

Notes
Turn   | Place    | Note
-------+----------+-------------------------------------------
     0 | Abyss:1  | Emblim88 the Spriggan Abyssal Knight began the quest for
                  | the Orb.
     0 | Abyss:1  | Reached XP level 1. HP: 11/11 MP: 3/3
    70 | Abyss:1  | Noticed a large abomination
    72 | D:1      | Escaped the Abyss
   177 | D:1      | Slain by a kobold

Levels and vault maps discovered:
D:1:      nzn_arrival_settlement, layout_loops_ring

Action                   || total
-------------------------++-------
Melee: Falchion          ||     7
Invok: Depart the Abyss  ||     1
Armor: Robe              ||     1
Dodge: Dodged            ||     9
       Rpst.: Falchion   ||     2

Table legend:
 A = Non-vault XP
 B = Vault XP
 C = Vault XP percentage of total XP
 D = Non-vault monster count
 E = Vault monster count
 F = Vault count percentage of total count
                 A         B        C        D         E       F
            +---------+---------+-------+---------+---------+-------
      Total |       3 |       0 |   0.0 |       2 |       0 |   0.0
            +---------+---------+-------+---------+---------+-------
        D:1 |       3 |       0 |   0.0 |       2 |       0 |   0.0
            +---------+---------+-------+---------+---------+-------
